Map: 16 бит РВ

Players

Murena

  • Race: Terran Terran
  • Spawn Location: 1:00

ИИ 1 (эксперт) - Winner!

  • Race: Protoss Protoss
  • Spawn Location: 7:00

VOD

Have the link to the VOD?

Description

Time

  • Played on: March 25, 2019, 3:43 p.m.
  • Length: 4:20
Show
View Real Time Build Order
Export as new Build Order

Murena Terran 

Build Orders:  

Get SALT Encoding   

  12  0:09  Refinery  
  12  0:12  SCV  
  13  0:24  SCV  
  13  0:27  Supply Depot  
  14  0:37  SCV  
  15  0:51  Barracks  
  15  0:58  SCV  
  16  1:11  Barracks  
  16  1:13  SCV  
  17  1:25  SCV  
  17  1:30  Supply Depot  
  18  1:38  SCV, Barracks Tech Lab  
  19  1:51  Orbital Command  
  19  2:00  Marauder  
  21  2:03  Barracks Tech Lab  
  21  2:06  Concussive Shells  
  21  2:16  SCV  
  21  2:21  Marauder  
  24  2:23  Marauder  
  26  2:30  SCV  
  27  2:37  Barracks  
  27  2:43  Marauder  
  29  2:46  Marauder  
  31  2:55  Supply Depot  
  31  2:57  Refinery  
Show
View Real Time Build Order
Export as new Build Order

ИИ 1 (эксперт) Protoss - Winner!

Build Orders:  

Get SALT Encoding   

  12  0:00  Probe  
  13  0:13  Probe  
  14  0:20  Pylon  
  14  0:25  Probe  
  15  0:34  Probe  
  15  0:40  Gateway  
  15  0:42  Probe  
  16  0:48  Assimilator  
  17  0:52  Probe  
  18  1:00  Pylon, Probe  
  18  1:08  Probe  
  20  1:19  Probe  
  21  1:28  Cybernetics Core  
  21  1:30  Zealot  
  23  1:39  Gateway  
  23  1:41  Probe  
  24  1:51  Pylon  
  24  1:53  Probe  
  25  1:58  Zealot  
  27  2:01  Probe  
  27  2:05  Warp Gate  
  28  2:10  Probe  
  28  2:15  Assimilator  
  29  2:19  Probe  
  30  2:25  Adept  
  30  2:29  Adept  
  34  2:32  Probe  
  35  2:44  Probe  
  35  2:45  Pylon  
  35  2:50  Adept  
  35  2:56  Probe  
  38  3:03  Sentry  
  40  3:08  Probe  
  41  3:20  Probe  
  41  3:24  Nexus  
  42  3:32  Stalker  
  44  3:39  Stalker  
  46  3:50  Gateway  
  46  4:08  Probe  
  46  4:09  Stalker  
  47  4:11  Pylon  
Tags
 
Matchup
ПvТ
Spawn Locations
Cross Positions
Add a new tag
Caveats
  • Supply blocks, unpowered buildings, or Contaminate may cause inaccurate times.
  • Supply counts are checked every 10 seconds.